Map: Thunderbird LE

Players

Clem - Winner!

  • Race: Terran Terran
  • League: Grandmaster
  • Spawn Location: 5:00

Lambo

  • Race: Zerg Zerg
  • League: Grandmaster
  • Spawn Location: 11:00

Event: HomeStory Cup XIX

VOD

Have the link to the VOD?

Description

Time

  • Played on: June 27, 2019, 10:43 a.m.
  • Length: 12:30

All games in this series

Show
View Real Time Build Order
Export as new Build Order

Clem Terran - Winner!

Build Orders: Reaper Expand 

Get SALT Encoding   

  12  0:00  SCV  
  13  0:12  SCV  
  14  0:16  Supply Depot  
  14  0:25  SCV  
  15  0:38  SCV  
  15  0:39  Barracks  
  16  0:43  Refinery  
  16  0:50  SCV  
  17  1:02  SCV  
  18  1:14  SCV  
  19  1:26  Reaper  
  19  1:27  Orbital Command  
  20  1:38  Command Center  
  20  1:47  Supply Depot  
  20  1:52  SCV  
  21  1:58  Marine  
  22  2:03  Factory  
  22  2:06  SCV  
  23  2:15  Refinery  
  23  2:19  SCV  
  23  2:20  Barracks Reactor  
  24  2:31  SCV  
  25  2:43  SCV  
  26  2:51  Orbital Command, Starport  
  26  2:56  SCV  
  27  3:02  Hellion x2  
  31  3:07  Marine  
  31  3:08  SCV  
  33  3:18  SCV  
  34  3:21  Command Center  
  34  3:24  SCV  
  35  3:29  Fusion Core  
  35  3:33  Hellion  
  37  3:34  SCV  
  37  3:36  SCV  
  37  3:40  Hellion  
  41  3:44  Supply Depot  
  41  3:48  Barracks Tech Lab  
  41  3:49  SCV x2  
  41  3:54  Starport Tech Lab  
  43  4:01  SCV  
  44  4:06  SCV  
  49  4:11  Supply Depot  
  45  4:18  SCV x2  
  45  4:22  Battlecruiser  
  53  4:24  Marine  
  54  4:33  Refinery x2, SCV x2  
  54  4:36  Engineering Bay  
  54  4:38  Orbital Command  
  56  4:40  Engineering Bay  
  56  4:44  Stimpack  
  56  4:45  SCV  
  57  4:46  Marine  
  57  4:50  Factory Reactor  
  57  4:51  SCV  
  59  4:56  Barracks  
  59  4:57  SCV  
  60  5:00  Barracks  
  60  5:04  SCV x2  
  62  5:07  Marine  
  62  5:09  SCV  
  62  5:11  Terran Infantry Weapons Level 1  
  64  5:16  SCV x2  
  64  5:18  Terran Infantry Armor Level 1  
  66  5:22  Supply Depot  
  66  5:24  SCV  
  66  5:25  Marine  
  68  5:28  Orbital Command, SCV  
  68  5:34  Starport Reactor  
  69  5:36  SCV  
  69  5:42  Siege Tank  
  73  5:43  Barracks, Marine  
  73  5:44  Barracks  
  73  5:45  Marine x2  
  73  5:47  SCV  
  73  5:48  SCV  
  78  5:54  SCV  
  79  5:57  Supply Depot  
  79  5:58  Supply Depot  
  79  5:59  SCV  
  79  6:01  Marine  
  79  6:03  Marine  
  82  6:05  SCV  
  82  6:06  Marine x2  
  85  6:14  Barracks  
  85  6:15  Barracks  
  85  6:17  Barracks  
  85  6:18  Marine, Medivac x2  
  85  6:19  Marine  
  85  6:21  SCV x3  
  85  6:24  Armory  
  94  6:30  Siege Tank  
  94  6:31  Marine x3  
  100  6:34  Barracks Reactor x2  
  100  6:39  SCV  
  101  6:44  Combat Shield  
  101  6:50  Supply Depot  
  101  6:51  Supply Depot  
  101  7:02  Barracks Reactor x2  
  101  7:03  Supply Depot  
  101  7:07  Barracks Reactor  
  101  7:11  Siege Tank, Marine x3, SCV x2  
  101  7:13  Marine x6, Supply Depot, Medivac  
  117  7:25  SCV x3, Medivac  
  117  7:29  Marine x3, Supply Depot  
  125  7:34  Terran Infantry Weapons Level 2  
  125  7:35  Marine x6  
  131  7:37  SCV  
  131  7:39  Marine  
  131  7:43  Refinery  
  131  7:44  Marine x2  
  128  7:45  Marine, Supply Depot x2  
  128  7:46  Marine x2  
  128  7:48  Marine  
  128  7:49  Marine  
  128  7:50  Terran Infantry Armor Level 2  
  129  7:52  Marine  
  129  7:55  Marine x3  
  129  7:56  Marine  
  129  7:57  Marine  
  137  8:01  Marine x2  
  137  8:03  Marine  
  137  8:04  Marine x2  
  141  8:08  Siege Tank, Supply Depot  
  141  8:09  Marine x2  
  141  8:10  Supply Depot  
  144  8:13  Medivac  
  144  8:14  Marine x3  
  144  8:16  Marine x2  
  144  8:19  Medivac  
  153  8:20  Marine x2  
  155  8:28  Marine x2  
  155  8:29  Marine x2, Supply Depot  
  155  8:30  Marine x2, Supply Depot  
  155  8:31  Marine  
  155  8:32  Marine x2  
  155  8:33  Marine  
  165  8:36  Marine x3  
  165  8:40  Terran Vehicle Weapons Level 1  
  165  8:41  Supply Depot  
  168  8:42  Marine  
  168  8:45  Siege Tank  
  172  8:49  Marine x5  
  175  8:58  Medivac x2  
  175  9:01  Marine x4  
  173  9:10  Marine  
  173  9:14  Marine x8  
  182  9:21  Marine x2  
  184  9:28  Siege Tank, Marine x4, Medivac  
  184  9:29  Medivac  
  177  9:42  Marine x5  
  153  9:47  Marine  
  153  9:51  Marine x3  
  153  9:52  Marine x6  
  145  9:58  Command Center  
  146  10:00  Siege Tank, Marine x4  
  146  10:05  Medivac x2  
  146  10:06  Marine x2  
  157  10:09  Marine x3  
  157  10:13  Marine x6  
  165  10:19  Marine  
  165  10:26  Marine x5  
  165  10:27  Marine x2  
  158  10:29  Marine  
  158  10:31  Marine x2  
  158  10:32  Siege Tank  
  158  10:34  Medivac  
  166  10:39  Marine x2  
  165  10:44  Marine  
  159  10:54  Marine x2  
  159  10:55  Marine x4  
  158  10:58  Marine  
  158  10:59  Marine  
  158  11:03  Marine x5  
  164  11:04  Siege Tank  
  154  11:19  Marine x3  
  154  11:20  Marine x2, Marauder  
  154  11:22  Marine  
  154  11:23  Marine  
  126  11:32  Marine  
  126  11:33  Marine x3  
  126  11:35  Medivac  
  125  11:40  Marine x3  
  125  11:41  Marauder, Medivac  
  125  11:42  Marine  
  133  11:49  Planetary Fortress  
  133  11:50  Marine x3  
  133  11:52  Marine x2  
  138  11:59  Marine  
  139  12:02  Marauder  
  139  12:05  Marine  
  142  12:10  Marine x5  
  142  12:11  Marine x4  
Show
View Real Time Build Order
Export as new Build Order

Lambo Zerg 

Build Orders: Hatch First 

Get SALT Encoding   

  12  0:00  Drone  
  13  0:13  Overlord  
  13  0:16  Drone  
  14  0:31  Drone x2  
  16  0:49  Hatchery  
  15  0:51  Drone  
  15  0:55  Drone  
  17  0:58  Drone  
  18  1:09  Extractor  
  17  1:14  Spawning Pool  
  17  1:18  Drone  
  17  1:20  Drone  
  18  1:29  Drone  
  19  1:39  Drone  
  20  1:51  Overlord  
  20  2:01  Queen x2  
  20  2:03  Zergling x4  
  26  2:11  Drone x2  
  26  2:14  Metabolic Boost  
  28  2:22  Drone x2  
  30  2:40  Hatchery  
  30  2:42  Drone x2  
  30  2:48  Drone  
  30  2:51  Pneumatized Carapace  
  31  2:55  Overlord  
  31  2:58  Drone  
  31  3:04  Drone  
  33  3:07  Drone  
  34  3:16  Drone x4  
  38  3:21  Queen  
  38  3:23  Overlord  
  40  3:28  Drone  
  40  3:33  Drone  
  42  3:37  Drone  
  42  3:41  Queen  
  45  3:44  Drone  
  45  3:46  Drone  
  45  3:48  Drone  
  48  3:51  Drone x2  
  48  3:54  Overlord  
  50  3:56  Drone  
  50  3:59  Overlord  
  50  4:00  Queen  
  50  4:01  Queen  
  50  4:02  Drone  
  56  4:03  Drone  
  56  4:09  Overlord  
  57  4:11  Overlord  
  57  4:17  Baneling Nest  
  57  4:23  Drone x5  
  61  4:25  Drone  
  61  4:31  Drone x3  
  65  4:33  Drone  
  65  4:35  Drone x2  
  65  4:36  Lair  
  65  4:38  Spore Crawler x2  
  67  4:39  Queen  
  68  4:47  Drone x3, Spore Crawler  
  68  4:50  Extractor  
  68  4:52  Extractor  
  68  4:54  Zergling x2  
  68  4:57  Zergling x4  
  68  4:58  Zergling x4  
  73  5:03  Overlord  
  73  5:04  Drone  
  74  5:07  Drone  
  74  5:09  Drone x2  
  74  5:12  Evolution Chamber, Overlord  
  74  5:14  Drone x4, Evolution Chamber  
  75  5:17  Overlord  
  75  5:19  Drone  
  80  5:22  Drone  
  80  5:27  Drone, Extractor  
  80  5:28  Extractor  
  80  5:34  Drone x3  
  83  5:36  Baneling x3  
  83  5:39  Drone x3  
  83  5:41  Overlord  
  86  5:44  Drone  
  86  5:46  Zerg Ground Armor Level 1, Zerg Melee Weapons Level 1  
  86  5:49  Drone x3  
  90  5:54  Drone x2  
  90  5:55  Queen  
  93  5:57  Centrifical Hooks  
  93  6:01  Extractor  
  93  6:03  Drone x3  
  93  6:04  Drone x2  
  95  6:06  Drone x2  
  95  6:07  Hatchery  
  95  6:10  Zergling x4  
  98  6:13  Overlord  
  98  6:16  Zergling x2  
  99  6:25  Drone x3  
  102  6:26  Drone  
  102  6:30  Zergling x4  
  105  6:38  Overlord  
  105  6:39  Overlord  
  105  6:40  Zergling x12  
  111  6:47  Hydralisk Den  
  111  6:48  Zergling x4  
  111  6:51  Zergling x2  
  113  6:55  Overlord x3  
  113  7:00  Baneling x10  
  113  7:03  Zergling x8  
  113  7:04  Zergling x8  
  121  7:10  Zergling x2  
  121  7:14  Zergling x2  
  121  7:15  Zergling x2  
  124  7:19  Hydralisk x2, Muscular Augments  
  124  7:21  Baneling x5  
  124  7:22  Hydralisk x3  
  128  7:28  Infestation Pit, Drone x3  
  136  7:39  Hydralisk x6, Hatchery  
  136  7:41  Overlord  
  140  7:56  Drone x4  
  140  7:57  Extractor  
  143  8:04  Drone x2, Hive  
  142  8:07  Hydralisk x5  
  142  8:08  Zergling x14  
  158  8:15  Zerg Ground Armor Level 2  
  158  8:21  Extractor  
  158  8:22  Hydralisk  
  158  8:23  Zergling x2  
  158  8:26  Zergling x2  
  158  8:27  Zergling x2  
  159  8:30  Grooved Spines  
  159  8:33  Drone x2  
  159  8:37  Overlord  
  159  8:40  Overlord  
  159  8:43  Overlord x2  
  159  8:46  Overlord  
  159  8:48  Overlord  
  159  8:49  Overlord  
  159  8:50  Overlord  
  159  8:54  Overlord  
  159  8:55  Queen  
  157  8:57  Overlord  
  157  8:58  Zergling x26  
  157  9:01  Baneling  
  157  9:02  Zergling x4  
  174  9:05  Zergling x4  
  174  9:09  Queen  
  168  9:10  Zergling x4  
  168  9:12  Zerg Melee Weapons Level 2  
  168  9:13  Zergling x8  
  168  9:14  Baneling x13  
  168  9:15  Zergling x4  
  168  9:16  Baneling x11  
  172  9:18  Baneling  
  172  9:21  Zergling x4  
  172  9:22  Zergling x4  
  176  9:28  Baneling x7  
  176  9:30  Zergling x12  
  176  9:34  Zergling x6  
  165  9:40  Hydralisk x5  
  165  9:44  Zergling x6  
  148  9:46  Zergling x2  
  148  9:48  Zergling x2  
  132  9:53  Zergling x12  
  132  9:54  Baneling x10  
  132  9:55  Zergling x2  
  132  9:57  Zergling x4  
  132  9:58  Zergling x2  
  142  10:01  Zergling x2  
  142  10:05  Zergling x2  
  135  10:07  Zergling x4  
  135  10:08  Viper  
  135  10:10  Zergling x8  
  135  10:13  Queen  
  135  10:14  Queen x2  
  146  10:16  Baneling x7  
  146  10:17  Zergling x2  
  146  10:19  Zergling x4  
  146  10:20  Zergling x2  
  150  10:22  Zergling x4  
  150  10:23  Zergling x2  
  150  10:24  Zergling x2  
  150  10:25  Zergling x2  
  150  10:27  Zergling x6  
  138  10:28  Zergling x2  
  138  10:32  Baneling x8  
  138  10:33  Zergling x4  
  141  10:36  Zergling x2  
  141  10:38  Zergling x4  
  141  10:42  Zergling x8  
  143  10:44  Zergling x2  
  143  10:48  Zergling x2  
  132  10:52  Zergling x2  
  132  10:53  Zergling x8  
  132  10:54  Zergling x4  
  131  10:58  Baneling x14, Zergling x2  
  131  11:00  Zergling x4  
  132  11:06  Zergling x4  
  132  11:07  Baneling x12  
  132  11:09  Zergling x4  
  132  11:11  Zergling x4  
  137  11:14  Zergling x2  
  128  11:20  Zergling x6  
  128  11:24  Zergling x2  
  125  11:26  Zergling x4  
  125  11:31  Zergling x2  
  125  11:32  Zergling x2  
  116  11:37  Zergling x2  
  116  11:39  Zergling x2  
  112  11:41  Zergling x2  
  112  11:42  Baneling x9  
  115  11:47  Baneling x4  
  115  11:49  Hydralisk x2  
  115  11:52  Zergling x2  
  115  11:53  Baneling x2  
  118  11:59  Zergling x4  
  118  12:00  Baneling x6  
  118  12:03  Hatchery  
  118  12:05  Zergling x2  
  117  12:09  Zergling x2  
  117  12:10  Zergling x2  
  117  12:11  Zergling x10  
  117  12:12  Zergling x2  
Tags
 
Add a new tag
Caveats
  • Supply blocks, unpowered buildings, or Contaminate may cause inaccurate times.
  • Supply counts are checked every 10 seconds.